 Dungeon Crawl Stone Soup version 0.26.0-3-g156281e41b (webtiles) character file.

Game seed: 1912188638119485612

105 trckry the Chopper (level 4, 0/30 HPs)
             Began as a Demonspawn Wanderer on Jan 9, 2021.
             Succumbed to poison (dark miasma)
             ... on level 2 of the Dungeon.
             The game lasted 00:05:03 (3192 turns).

trckry the Chopper (Demonspawn Wanderer)            Turns: 3192, Time: 00:05:03

Health: 0/30       AC:  6    Str: 11    XL:     4   Next: 54%
Magic:  4/4        EV: 10    Int: 15    God:
Gold:   119        SH:  0    Dex: 13    Spells: 3/3 levels left

rFire    . . .     SeeInvis .   a - +0 hand axe
rCold    + . .     Faith    .   (no shield)
rNeg     . . .     Spirit   .   b - +0 ring mail
rPois    .         Reflect  .   d - +0 helmet
rElec    .         Harm     .   (no cloak)
rCorr    .         Rampage  .   (no gloves)
Will     .....                  (no boots)
Stlth    +.........             (no amulet)
HPRegen  0.10/turn              (no ring)
MPRegen  0.09/turn              (no ring)

@: lethally poisoned (0 -> -22)
A: cold resistance 1, powered by death 1
a: no special abilities


You were on level 2 of the Dungeon.
You visited 1 branch of the dungeon, and saw 2 of its levels.

You collected 119 gold pieces.

Inventory:

Hand Weapons
 a - a +0 hand axe (weapon)
Missiles
 c - a throwing net (quivered)
Armour
 b - a +0 ring mail (worn)
 d - a +0 helmet (worn)
Scrolls
 e - 2 scrolls of immolation {unknown}
 f - a scroll of fog {unknown}
 g - a scroll of teleportation {unknown}
 h - a scroll of fear {unknown}
 i - a scroll of enchant weapon {unknown}
 j - 2 scrolls of identify {unknown}


   Skills:
 - Level 1.7 Short Blades
 + Level 3.9 Axes
 + Level 3.3 Armour
 - Level 1.0 Dodging
 - Level 1.0 Stealth
 - Level 1.0 Shields


You had 3 spell levels left.
You didn't know any spells.
Your spell library was empty.

Dungeon Overview and Level Annotations

Branches:
Dungeon (2/15)

Altars:
Yredelemnul


Innate Abilities, Weirdness & Mutations

Your flesh is cold resistant. (rC+)
You regenerate a little health from kills.


Message History

You now have 119 gold pieces (gained 13).
You are engulfed in dark miasma.
You are lethally poisoned!
You feel very sick.
You feel sick.
There is a basalt altar of Yredelemnul here.
You aren't carrying any potions.
You feel very sick.
* * * LOW HITPOINT WARNING * * *
You feel very sick.
* * * LOW HITPOINT WARNING * * *
You feel sick.
* * * LOW HITPOINT WARNING * * *
You feel sick.
* * * LOW HITPOINT WARNING * * *
You feel sick.
There is an open door here.
* * * LOW HITPOINT WARNING * * *
You feel sick.
You die...

##### #...# #...# #...#
.. ###+#####.# #...#
##.##.....#...# #..>#
.......@......####...###
..###.....#.............
###'###.............
#...##..>..........
#°.°###.#####...###
#...##..# #..(#
#°.°##### #...# #._.#
#...# #°.°# #...#


There were no monsters in sight!

Vanquished Creatures
  4 gnolls
  2 adders (D:2)
  An ooze (D:1)
  2 worms (D:2)
  4 dart slugs (D:1)
  2 giant cockroaches
  2 goblins (D:1)
  3 hobgoblins
  6 jackals (D:1)
  2 bats (D:1)
  3 frilled lizards (D:1)
  4 rats
35 creatures vanquished.

Notes
Turn   | Place    | Note
-------+----------+-------------------------------------------
     0 | D:1      | trckry the Demonspawn Wanderer began the quest for the Orb.
     0 | D:1      | trckry set off with the following items: a +2 short sword,
                  | a +0 ring mail, a potion of curing
     0 | D:1      | Reached XP level 1. HP: 13/13 MP: 1/1
    55 | D:1      | Gained mutation: Your flesh is cold resistant. (rC+)
                  | [demonic ancestry]
    55 | D:1      | Reached XP level 2. HP: 11/19 MP: 2/2
   450 | D:1      | Reached XP level 3. HP: 21/24 MP: 3/3
  2156 | D:1      | Gained mutation: You regenerate a little health from kills.
                  | [demonic ancestry]
  2156 | D:1      | Reached XP level 4. HP: 6/30 MP: 4/4
  2874 | D:2      | Found a basalt altar of Yredelemnul.
  2876 | D:2      | Noticed a profane servitor
  3191 | D:2      | HP: 1/30 [poison (dark miasma)]
  3192 | D:2      | Succumbed to poison (dark miasma)

Illustrated notes

Levels and vault maps discovered:
D:1:      ncdulo_smallfort, layout_rooms
D:2:      layout_loops_cross, grunt_temple_overflow_holy_war, uniq_natasha

Skill      XL: |  1  2  3 |
---------------+----------+-----
Armour         | 2 3 |  3.3
Axes           | 3 |  3.9
Short Blades   | |  1.7
Dodging        | |  1.0
Stealth        | |  1.0
Shields        | |  1.0

Action                   |  1- 3 |  4- 6 || total
-------------------------+-------+-------++-------
Melee: Short sword       |    61 |       ||    61
       Hand axe          |    81 |    23 ||   104
  Use: Potion            |     1 |       ||     1
Armor: Ring mail         |    43 |     3 ||    46
Dodge: Dodged            |    67 |    15 ||    82
